[Event "ICC tourney 2850 (40 10)"]
[Site "Internet Chess Club"]
[Date "2022.03.12"]
[Round "2"]
[White "Bharathy Mohan, Aarav Sai:aaravbm"]
[Black "HAMLETT, JAMES MORRISON:Hamlett144"]
[Result "0-1"]
[ICCResult "White resigns"]
[WhiteElo "1004"]
[BlackElo "1216"]
[Opening "French defense"]
[ECO "C00"]
[NIC "FR.01"]
[Time "13:38:17"]
[PlyCount "74"]
[TimeControl "2400+10"]

1. e4 e6 2. Bc4 d5 3. exd5 exd5 4. Bb3 Nf6 5. Nc3 c6 6. Nf3 Bd6 7. O-O O-O
8. h3 Bf5 9. d3 Nbd7 10. Bd2 Nc5 11. Be3 Ne6 12. a3 Bc7 13. Ne2 c5 14. d4 c4
15. Ba2 Be4 16. Ng5 Nxg5 17. Bxg5 h6 18. Bd2 Nh5 19. Nc3 Qd6 20. f4 Ng3 21.
Rf2 Bg6 22. Nb5 Qd7 23. Nxc7 Qxc7 24. c3 Bd3 25. Bb1 Ne4 26. Rf3 Bxb1 27.
Rxb1 f5 28. Qc2 Rf6 29. Rd1 Kh8 30. Re1 Rg6 31. Be3 Qd8 32. Bf2 Re6 33. Kh1
Qe7 34. Rfe3 Re8 35. Rxe4 Rxe4 36. Rxe4 Qxe4 37. Bg3 Qxc2 {White resigns}
0-1

[Event "ICC tourney 2850 (40 10)"]
[Site "Internet Chess Club"]
[Date "2022.03.12"]
[Round "2"]
[White "Kamanitz, Kevin Scott:kkamanitz"]
[Black "WADE, DONALD R:slooowchess61"]
[Result "0-1"]
[ICCResult "White checkmated"]
[WhiteElo "1187"]
[BlackElo "1362"]
[Opening "Sicilian: Kan, Maróczy bind (Réti variation)"]
[ECO "B41"]
[NIC "SI.41"]
[Time "13:38:06"]
[PlyCount "136"]
[TimeControl "2400+10"]

1. e4 c5 2. Nf3 e6 3. d4 cxd4 4. Nxd4 a6 5. c4 Nc6 6. Be2 Nf6 7. Nc3 Bc5 8.
Nb3 Be7 9. O-O O-O 10. Bg5 h6 11. Bh4 Re8 12. f4 e5 13. f5 Qb6+ 14. Bf2 Qc7
15. Rc1 d6 16. Nd5 Qb8 17. Nb6 Bd7 18. Nxa8 Qxa8 19. Nd2 Na5 20. Bb6 Bd8 21.
Bxd8 Rxd8 22. b4 Nc6 23. a3 Nd4 24. Nf3 Nxe2+ 25. Qxe2 Qa7+ 26. Kh1 Bc6 27.
Rfd1 Nxe4 28. Nxe5 Nf2+ 29. Qxf2 Qxf2 30. Nxc6 bxc6 31. Rf1 Qb2 32. Kg1 Qxa3
33. Rb1 Qe3+ 34. Rf2 Qd3 35. Rbf1 Qxc4 36. f6 g6 37. Re1 Qxb4 38. Rfe2 d5
39. Re8+ Rxe8 40. Rxe8+ Kh7 41. Re7 Kg8 42. Re8+ Qf8 43. Rxf8+ Kxf8 44. Kf2
Ke8 45. Ke3 Kd7 46. Kd4 Kc7 47. Kc5 a5 48. h4 a4 49. Kb4 Kb6 50. Kxa4 Kc5
51. Kb3 Kd4 52. Kc2 c5 53. Kd2 Ke4 54. g4 d4 55. g5 hxg5 56. hxg5 c4 57. Ke2
d3+ 58. Kd2 Kd4 59. Kd1 Ke3 60. Ke1 c3 61. Kd1 c2+ 62. Kc1 Ke2 63. Kb2 d2
64. Ka2 c1=Q 65. Kb3 d1=Q+ 66. Kb4 Qd4+ 67. Kb3 Qdb2+ 68. Ka4 Qca1#
{White checkmated}
0-1

[Event "ICC tourney 2850 (40 10)"]
[Site "Internet Chess Club"]
[Date "2022.03.12"]
[Round "2"]
[White "LAIDO, MATTHEW:Dabao"]
[Black "YUAN, DAVID:David1250"]
[Result "0-1"]
[ICCResult "White checkmated"]
[WhiteElo "1137"]
[BlackElo "1293"]
[Opening "Two knights defense (Modern bishop's opening)"]
[ECO "C55"]
[NIC "IG.01"]
[Time "13:37:52"]
[PlyCount "56"]
[TimeControl "2400+10"]

1. e4 e5 2. Nf3 Nc6 3. Bc4 Nf6 4. d3 h6 5. Nc3 Bc5 6. Be3 Bxe3 7. fxe3 O-O
8. O-O d6 9. d4 exd4 10. exd4 Re8 11. Re1 Bg4 12. d5 Ne5 13. Be2 Bxf3 14.
Bxf3 c6 15. Qe2 Qb6+ 16. Kh1 cxd5 17. Nxd5 Nxd5 18. exd5 Qxb2 19. Be4 Re7
20. Qf2 Qb6 21. Qf4 Rae8 22. Qf5 g6 23. Qf4 f5 24. Bf3 Nd3 25. Rxe7 Nf2+ 26.
Kg1 Nh3+ 27. Kh1 Qg1+ 28. Rxg1 Nf2# {White checkmated} 0-1

[Event "ICC tourney 2850 (40 10)"]
[Site "Internet Chess Club"]
[Date "2022.03.12"]
[Round "2"]
[White "BROCK, JASON:jbrock31"]
[Black "PARAKANDY, SOORAJ:Soorajp86"]
[Result "0-1"]
[ICCResult "White resigns"]
[WhiteElo "800"]
[BlackElo "1119"]
[Opening "English: Bremen system, Keres variation"]
[ECO "A23"]
[NIC "EO.12"]
[Time "13:37:59"]
[PlyCount "52"]
[TimeControl "2400+10"]

1. c4 e5 2. Nc3 Nf6 3. g3 c6 4. Bg2 Be7 5. e4 d6 6. Nge2 Be6 7. d3 Nbd7 8.
O-O O-O 9. f4 exf4 10. Nxf4 Qb6+ 11. d4 Bxc4 12. Nfe2 Ng4 13. h3 Ngf6 14. b3
Ba6 15. Na4 Qb5 16. Nac3 Qb6 17. Na4 Qc7 18. Bf4 Nh5 19. Bd2 Bxe2 20. Qxe2
Nxg3 21. Qg4 Nxf1 22. Rxf1 Bf6 23. Bh6 b5 24. e5 Nxe5 25. dxe5 Bxe5 26. Nc3
Bxc3 {White resigns} 0-1

[Event "ICC tourney 2850 (40 10)"]
[Site "Internet Chess Club"]
[Date "2022.03.12"]
[Round "2"]
[White "SOUTHERLAND, TRIPP:Nachooo"]
[Black "SISTA, SAI VIJAY HIMAGHNA:Chessboy5"]
[Result "0-1"]
[ICCResult "White resigns"]
[WhiteElo "1212"]
[BlackElo "1394"]
[Opening "Sicilian: Grand Prix attack"]
[ECO "B23"]
[NIC "SI.44"]
[Time "13:38:02"]
[PlyCount "46"]
[TimeControl "2400+10"]

1. e4 c5 2. Nc3 Nc6 3. f4 g6 4. Nf3 Bg7 5. Bb5 e6 6. Bxc6 bxc6 7. O-O Ne7 8.
d3 d5 9. Qe1 Ba6 10. f5 O-O 11. fxe6 fxe6 12. exd5 exd5 13. Bg5 Rf7 14. Qh4
Qc7 15. Bxe7 Qxe7 16. Ng5 Rxf1+ 17. Rxf1 h6 18. Qa4 Bb5 19. Nxb5 cxb5 20.
Qxb5 hxg5 21. Qc6 Rf8 22. Qxd5+ Kh7 23. c3 Qe3+ {White resigns} 0-1

[Event "ICC tourney 2850 (40 10)"]
[Site "Internet Chess Club"]
[Date "2022.03.12"]
[Round "2"]
[White "KINKUS, SAM E:Grandslam34"]
[Black "JIANG, MATHEW:mathewjiang"]
[Result "0-1"]
[ICCResult "White resigns"]
[WhiteElo "777"]
[BlackElo "1400"]
[Opening "Scandinavian (center counter) defense"]
[ECO "B01"]
[NIC "SD.01"]
[Time "13:38:23"]
[PlyCount "68"]
[TimeControl "2400+10"]

1. e4 d5 2. exd5 Qxd5 3. Nc3 Qa5 4. d4 c6 5. Bd2 Qc7 6. Nf3 Nf6 7. h3 Bf5 8.
Bc4 e6 9. Bg5 Be7 10. Qe2 Nbd7 11. O-O O-O 12. Nh4 Bg6 13. Nxg6 hxg6 14.
Rad1 Nb6 15. Bb3 Nbd5 16. Bxf6 Bxf6 17. Nxd5 cxd5 18. c3 Rac8 19. f4 Rfe8
20. g3 Rcd8 21. Qf3 b5 22. Bc2 b4 23. Rd3 Rc8 24. g4 Qb6 25. g5 Be7 26. h4
bxc3 27. bxc3 Bb4 28. Bb3 Bxc3 29. Rxc3 Qxd4+ 30. Kh1 Rxc3 31. Rd1 Rxf3 32.
Rxd4 Rh3+ 33. Kg2 Rxh4 34. Kg3 Rh1 {White resigns} 0-1

[Event "ICC tourney 2850 (40 10)"]
[Site "Internet Chess Club"]
[Date "2022.03.12"]
[Round "2"]
[White "ARMBRUSTER, THOMAS E:TE47Armbruster"]
[Black "MOHAN, SHANKARA:BellaVista"]
[Result "1/2-1/2"]
[ICCResult "Game drawn by mutual agreement"]
[WhiteElo "1092"]
[BlackElo "1269"]
[Opening "QGD: 4.Bg5 Be7"]
[ECO "D53"]
[NIC "QO.13"]
[Time "13:38:47"]
[PlyCount "72"]
[TimeControl "2400+10"]

1. d4 d5 2. c4 e6 3. Nc3 Nf6 4. Bg5 Be7 5. Nf3 Nbd7 6. e3 b6 7. cxd5 exd5 8.
Rc1 Bb7 9. Bd3 h6 10. Bf4 c6 11. O-O O-O 12. a3 Re8 13. Re1 Nf8 14. Ne5 Ne6
15. Bg3 Bd6 16. Ng4 Bxg3 17. hxg3 Nxg4 18. Qxg4 Qf6 19. Qh4 Qxh4 20. gxh4 c5
21. Ne2 c4 22. Bf5 g6 23. Bg4 f5 24. Bf3 g5 25. hxg5 hxg5 26. g3 g4 27. Bg2
Kg7 28. Nf4 Nxf4 29. gxf4 Kf6 30. f3 gxf3 31. Bxf3 Rg8+ 32. Kf2 Rh8 33. Rh1
Rag8 34. Rcg1 a5 35. Rxg8 Rxg8 36. Rh6+ Rg6 {Game drawn by mutual agreement}
1/2-1/2

[Event "ICC tourney 2850 (40 10)"]
[Site "Internet Chess Club"]
[Date "2022.03.12"]
[Round "2"]
[White "AKULA, MAHIT:Judtyr123"]
[Black "KODARAPU, NEEV:onix007"]
[Result "1-0"]
[ICCResult "Black forfeits on time"]
[WhiteElo "1260"]
[BlackElo "1028"]
[Opening "French: Steinitz variation"]
[ECO "C11"]
[NIC "FR.04"]
[Time "13:37:57"]
[PlyCount "83"]
[TimeControl "2400+10"]

1. e4 e6 2. d4 d5 3. Nc3 Nf6 4. e5 Nfd7 5. f4 Be7 6. Nf3 O-O 7. Bd3 f6 8.
O-O c5 9. Be3 b6 10. Qe1 f5 11. Qg3 Nc6 12. Nb5 Nb4 13. a3 Nc6 14. Nd6 Bxd6
15. exd6 cxd4 16. Nxd4 Nxd4 17. Bxd4 Nf6 18. Be5 Rf7 19. c4 Ne8 20. cxd5
exd5 21. Rac1 Nxd6 22. Rc6 Ne8 23. Rfc1 Bb7 24. Rh6 Rc8 25. Re1 Qd7 26. h3
Rc6 27. Bb5 Ba8 28. Bxc6 Bxc6 29. Rc1 Bb5 30. b3 Ba6 31. b4 Bb7 32. Rd1 Bc6
33. Rh5 Bb5 34. Rg5 g6 35. Qh4 Nd6 36. Rxd5 Qc8 37. Rxd6 Qc1+ 38. Kh2 Kf8
39. Rd8+ Be8 40. Qh6+ Ke7 41. Rb8 Ke6 42. Rxe8+ {Black forfeits on time} 1-0

[Event "ICC tourney 2850 (40 10)"]
[Site "Internet Chess Club"]
[Date "2022.03.12"]
[Round "2"]
[White "GANAPATIRAJU, SREE CHETAN VARMA:chetan2012"]
[Black "SUNDARAM, SREE:SreeVSundaram"]
[Result "1-0"]
[ICCResult "Black checkmated"]
[WhiteElo "1395"]
[BlackElo "1184"]
[Opening "Sicilian defense"]
[ECO "B44"]
[NIC "SI.39"]
[Time "13:37:56"]
[PlyCount "103"]
[TimeControl "2400+10"]

1. e4 c5 2. Nf3 e6 3. d4 cxd4 4. Nxd4 Nc6 5. Be3 Nf6 6. Bd3 d5 7. exd5 exd5
8. O-O Be7 9. Nc3 O-O 10. Re1 Re8 11. Qd2 Bc5 12. Nxc6 Bxe3 13. Rxe3 bxc6
14. Rxe8+ Qxe8 15. Re1 Qd8 16. Qf4 Be6 17. Bf5 Bxf5 18. Qxf5 d4 19. Ne4 Nxe4
20. Qxe4 c5 21. Qe7 Qc8 22. Re5 c4 23. Rc5 Qe8 24. Qxe8+ Rxe8 25. Kf1 d3 26.
cxd3 cxd3 27. Rd5 f6 28. Rxd3 Rc8 29. Ke2 Rc2+ 30. Rd2 Rxd2+ 31. Kxd2 Kf7
32. Kc3 Ke6 33. Kc4 Kd6 34. Kb5 Kc7 35. Kc5 h6 36. h4 g6 37. g4 g5 38. hxg5
fxg5 39. f3 Kd7 40. Kd5 a6 41. Ke5 Ke7 42. b4 Kf7 43. a4 Kg6 44. b5 axb5 45.
axb5 h5 46. gxh5+ Kxh5 47. b6 Kh4 48. Ke4 Kg3 49. b7 Kh4 50. b8=Q Kh5 51.
Kf5 Kh4 52. Qh2# {Black checkmated} 1-0

[Event "ICC tourney 2850 (40 10)"]
[Site "Internet Chess Club"]
[Date "2022.03.12"]
[Round "2"]
[White "Agahian, Ryan:AgahianR"]
[Black "SCHWARTZ, DOUGLAS S:Douglas1"]
[Result "0-1"]
[ICCResult "White checkmated"]
[WhiteElo "1140"]
[BlackElo "1318"]
[Opening "QGD Slav: Slav gambit"]
[ECO "D15"]
[NIC "SL.03"]
[Time "13:37:54"]
[PlyCount "128"]
[TimeControl "2400+10"]

1. d4 d5 2. c4 c6 3. Nc3 Nf6 4. Nf3 dxc4 5. e4 b5 6. a4 b4 7. Na2 e6 8. e5
Nd5 9. Bxc4 Be7 10. Bd2 a5 11. Nc1 Ba6 12. Bxa6 Nxa6 13. Qc2 Rc8 14. Ne2 h6
15. Qd3 Nac7 16. Rc1 Na8 17. Qa6 Qc7 18. O-O O-O 19. Ne1 f6 20. Nd3 Qb6 21.
Qxb6 Naxb6 22. Nc5 Bxc5 23. Rxc5 Nxa4 24. Rxa5 Nxb2 25. Rb1 Nc4 26. Ra2 Nxd2
27. Rxd2 Rb8 28. exf6 gxf6 29. Ng3 Kf7 30. Rb3 Ra8 31. Kf1 Nc3 32. f3 Rfb8
33. Ne4 Nxe4 34. fxe4 Ra3 35. Rbb2 Re3 36. d5 cxd5 37. exd5 exd5 38. Rxd5 b3
39. Kf2 Rc3 40. Rdd2 Kg6 41. Rd4 Rbc8 42. Rdd2 Rc2 43. Ke3 Rxb2 44. Rxb2 Rb8
45. Kf4 Rb4+ 46. Kf3 Kg5 47. g3 h5 48. h4+ Kf5 49. g4+ hxg4+ 50. Kg3 Kg6 51.
Kg2 Kh5 52. Kg3 f5 53. Kg2 Kxh4 54. Kf1 g3 55. Kg1 f4 56. Kg2 Kg4 57. Kg1
Kh3 58. Kh1 Kg4 59. Kg1 f3 60. Kh1 Re4 61. Rb1 Re2 62. Kg1 b2 63. Kf1 Rc2
64. Rxb2 Rc1# {White checkmated} 0-1

[Event "ICC tourney 2850 (40 10)"]
[Site "Internet Chess Club"]
[Date "2022.03.12"]
[Round "2"]
[White "POWERS, BARNEY:Barnstorm"]
[Black "VOLOSHIN, VANYA:Vanya-long"]
[Result "0-1"]
[ICCResult "White resigns"]
[WhiteElo "1233"]
[BlackElo "812"]
[Opening "Réti: King's Indian attack (Barcza system)"]
[ECO "A07"]
[NIC "QP.09"]
[Time "13:37:58"]
[PlyCount "80"]
[TimeControl "2400+10"]

1. Nf3 d5 2. g3 Nc6 3. d4 Nf6 4. Bg2 e6 5. O-O Bd6 6. c3 O-O 7. Nbd2 Bd7 8.
Re1 Qe7 9. e4 dxe4 10. Nxe4 Rad8 11. Nxd6 cxd6 12. Bg5 h6 13. Bf4 d5 14. Ne5
Nxe5 15. Bxe5 Rc8 16. Rc1 Rc6 17. c4 Rfc8 18. c5 b6 19. b4 a5 20. a3 Be8 21.
Qe2 Nd7 22. Bd6 Qd8 23. Qe3 axb4 24. axb4 bxc5 25. dxc5 Ra6 26. b5 Ra5 27.
b6 Nb8 28. b7 Rc6 29. Qc3 Ra7 30. Qb4 Rca6 31. Bxb8 Qxb8 32. Rb1 Bc6 33.
Rec1 Rxb7 34. Qe1 Rxb1 35. Rxb1 Qa7 36. Qc1 Bd7 37. Bf1 Rc6 38. Rb5 Rc8 39.
Rb6 Qa5 40. Rb5 Bxb5 {White resigns} 0-1

[Event "ICC tourney 2850 (40 10)"]
[Site "Internet Chess Club"]
[Date "2022.03.12"]
[Round "2"]
[White "SULTAN, BASHIR Cisse:muzikmixer"]
[Black "WEISS, MATTHEW DAVID:portnoy311"]
[Result "1-0"]
[ICCResult "Black resigns"]
[WhiteElo "1414"]
[BlackElo "1189"]
[Opening "English: four knights, 4.e3"]
[ECO "A28"]
[NIC "EO.05"]
[Time "13:38:18"]
[PlyCount "91"]
[TimeControl "2400+10"]

1. c4 e5 2. Nc3 Nf6 3. Nf3 Nc6 4. e3 Bb4 5. Qc2 O-O 6. Nd5 d6 7. Ng5 g6 8.
h4 Be6 9. a3 Ba5 10. b4 Bb6 11. Nxf6+ Qxf6 12. Bb2 a5 13. b5 Ne7 14. Ne4 Qg7
15. O-O-O Rfd8 16. d4 c6 17. dxe5 dxe5 18. Rxd8+ Rxd8 19. c5 Bc7 20. b6 Bb8
21. Bc4 Nd5 22. Rd1 Bf5 23. f3 Qf8 24. Bxd5 cxd5 25. Nf6+ Kg7 26. e4 dxe4
27. Rxd8 Qxd8 28. fxe4 Be6 29. Nd5 Bxd5 30. Qd2 Qxh4 31. Qxd5 Qe7 32. Kc2 h5
33. Kb3 f5 34. Ka4 Kf6 35. Kxa5 fxe4 36. Kb4 g5 37. Qxe4 Qd7 38. Bc3 Qg4 39.
Qxg4 hxg4 40. Kc4 Ke6 41. a4 e4 42. a5 e3 43. c6 bxc6 44. a6 Kd7 45. a7 Bxa7
46. bxa7 {Black resigns} 1-0

[Event "ICC tourney 2850 (40 10)"]
[Site "Internet Chess Club"]
[Date "2022.03.12"]
[Round "3"]
[White "Bayramli, Farid:GameOfKings"]
[Black "BROCK, JASON:jbrock31"]
[Result "1-0"]
[ICCResult "Black resigns"]
[WhiteElo "410"]
[BlackElo "800"]
[Opening "Giuoco Pianissimo: Canal variation"]
[ECO "C50"]
[NIC "IG.02"]
[Time "15:31:25"]
[PlyCount "27"]
[TimeControl "2400+10"]

1. e4 e5 2. Nf3 Nc6 3. Bc4 Bc5 4. d3 Nf6 5. Nc3 d6 6. Bg5 h6 7. Bh4 Na5 8.
Bb5+ Bd7 9. a3 Ng4 10. Bxd8 Nxf2 11. Qe2 Nxh1 12. Bh4 Bxb5 13. Nxb5 a6 14.
Nxc7+ {Black resigns} 1-0

[Event "ICC tourney 2850 (40 10)"]
[Site "Internet Chess Club"]
[Date "2022.03.12"]
[Round "3"]
[White "SAWYER, TIMOTHY A:tasawyer81"]
[Black "Agahian, Ryan:AgahianR"]
[Result "0-1"]
[ICCResult "White resigns"]
[WhiteElo "938"]
[BlackElo "1140"]
[Opening "QGD: 3...Nf6"]
[ECO "D35"]
[NIC "QO.16"]
[Time "15:31:19"]
[PlyCount "40"]
[TimeControl "2400+10"]

1. d4 d5 2. c4 e6 3. Nc3 Nf6 4. g3 Be7 5. Bg2 O-O 6. Qc2 dxc4 7. e4 Qxd4 8.
Be3 Qd3 9. Qxd3 cxd3 10. Nf3 Nc6 11. O-O Rb8 12. Rad1 Rd8 13. Bf4 Bd6 14. e5
Nxe5 15. Nxe5 g5 16. Nxf7 Kxf7 17. Rxd3 gxf4 18. gxf4 b6 19. Nb5 Ba6 20.
Nxd6+ cxd6 {White resigns} 0-1

[Event "ICC tourney 2850 (40 10)"]
[Site "Internet Chess Club"]
[Date "2022.03.12"]
[Round "3"]
[White "WADE, DONALD R:slooowchess61"]
[Black "ZHAO, DANSON:K01-30127679"]
[Result "0-1"]
[ICCResult "White resigns"]
[WhiteElo "1362"]
[BlackElo "1234"]
[Opening "Ruy Lopez: Berlin defense, 4.O-O, d6"]
[ECO "C66"]
[NIC "RL.02"]
[Time "15:32:13"]
[PlyCount "70"]
[TimeControl "2400+10"]

1. e4 e5 2. Nf3 Nc6 3. Bb5 d6 4. O-O Nf6 5. d3 Be7 6. c3 O-O 7. h3 Bd7 8.
Re1 a6 9. Ba4 Re8 10. Nbd2 Bf8 11. Nf1 h6 12. Ne3 Ne7 13. Bb3 Ng6 14. Nd5 c6
15. Nxf6+ Qxf6 16. Be3 Nf4 17. Bxf4 Qxf4 18. Re3 Qf6 19. Nh2 Be6 20. Bxe6
Rxe6 21. d4 exd4 22. cxd4 Rae8 23. Rf3 Qd8 24. Re3 Rxe4 25. Rxe4 Rxe4 26.
Qc2 d5 27. Rd1 Bd6 28. Nf3 Qe7 29. a4 Re2 30. Qd3 Re6 31. b3 Bc7 32. Kf1 Kf8
33. Ne1 Qd6 34. Nc2 Qh2 35. f3 Bg3 {White resigns} 0-1

[Event "ICC tourney 2850 (40 10)"]
[Site "Internet Chess Club"]
[Date "2022.03.12"]
[Round "3"]
[White "SISTA, SAI VIJAY HIMAGHNA:Chessboy5"]
[Black "AKULA, MAHIT:Judtyr123"]
[Result "0-1"]
[ICCResult "White checkmated"]
[WhiteElo "1394"]
[BlackElo "1260"]
[Opening "Queen's pawn: London system"]
[ECO "A45"]
[NIC "QP.07"]
[Time "15:31:19"]
[PlyCount "76"]
[TimeControl "2400+10"]

1. d4 Nf6 2. Bf4 g6 3. Nc3 d5 4. e3 Bg7 5. Be2 O-O 6. Nf3 c5 7. Ne5 Nc6 8.
h4 cxd4 9. exd4 Qb6 10. Nxc6 bxc6 11. Rb1 Ne4 12. Nxe4 dxe4 13. c3 c5 14. h5
cxd4 15. hxg6 fxg6 16. Bh6 dxc3 17. Bc4+ e6 18. Qe2 cxb2 19. Bxg7 Kxg7 20.
Rxb2 Qa5+ 21. Kf1 Qe5 22. Rb1 Qf5 23. Rb5 Qf6 24. Kg1 Ba6 25. Rc5 Rac8 26.
Rxc8 Rxc8 27. Qd2 Qa1+ 28. Kh2 Qe5+ 29. Kg1 Rxc4 30. Qd7+ Kf6 31. Qd8+ Kf5
32. g4+ Kf4 33. Qd2+ e3 34. Qe1 exf2+ 35. Qxf2+ Kxg4 36. Qh4+ Kf5 37. Qh3+
Rg4+ 38. Kf2 Qe2# {White checkmated} 0-1

[Event "ICC tourney 2850 (40 10)"]
[Site "Internet Chess Club"]
[Date "2022.03.12"]
[Round "3"]
[White "ADUSUMALLI, ANIRUDH SAI:Anichess2009"]
[Black "Kamanitz, Kevin Scott:kkamanitz"]
[Result "1-0"]
[ICCResult "Black resigns"]
[WhiteElo "1027"]
[BlackElo "1187"]
[Opening "Caro-Kann: two knights, 3...Bg4"]
[ECO "B10"]
[NIC "CK.01"]
[Time "15:31:32"]
[PlyCount "73"]
[TimeControl "2400+10"]

1. e4 c6 2. Nf3 d5 3. Nc3 Bg4 4. h3 Bh5 5. Be2 Nd7 6. exd5 cxd5 7. Nxd5 e6
8. Nf4 Bxf3 9. Bxf3 Qb6 10. d3 Ngf6 11. O-O Bc5 12. c3 e5 13. Nd5 Nxd5 14.
Bxd5 Nf6 15. Bb3 O-O 16. Qe2 Rfe8 17. Be3 Rad8 18. Bxc5 Qxc5 19. Rfe1 b5 20.
a3 Qc7 21. a4 b4 22. cxb4 Qd6 23. b5 Qb4 24. Qc2 Rc8 25. Bc4 Nd5 26. Qb3
Qxb3 27. Bxb3 Nb4 28. Re3 Red8 29. Rxe5 Nxd3 30. Re7 Nb4 31. Rxf7 Rd3 32.
Rc7+ Rxb3 33. Rxc8+ Kf7 34. Rc7+ Kf6 35. Rxa7 Rxb2 36. b6 Nc6 37. a5
{Black resigns}
1-0

[Event "ICC tourney 2850 (40 10)"]
[Site "Internet Chess Club"]
[Date "2022.03.12"]
[Round "3"]
[White "VIJAYABHARATHI, SACHIN:sachinv24"]
[Black "LAIDO, MATTHEW:Dabao"]
[Result "0-1"]
[ICCResult "White resigns"]
[WhiteElo "320"]
[BlackElo "1137"]
[Opening "Ruy Lopez: classical (Cordel) defense"]
[ECO "C64"]
[NIC "RL.01"]
[Time "15:31:36"]
[PlyCount "57"]
[TimeControl "2400+10"]

1. e4 e5 2. Nf3 Nc6 3. Bb5 Bc5 4. Bxc6 dxc6 5. Nxe5 Qd4 6. O-O Qxe5 7. d4
Bxd4 8. c3 Bc5 9. g3 Bh3 10. Bf4 Qe7 11. Re1 Nf6 12. Be3 O-O 13. Bxc5 Qxc5
14. e5 Ng4 15. Qf3 f5 16. e6 Rae8 17. Nd2 Rf6 18. Nb3 Qb6 19. e7 Rf7 20.
Rad1 Nf6 21. Nd4 Bg4 22. Qd3 Bxd1 23. Qxd1 Rfxe7 24. Rxe7 Rxe7 25. Nxf5 Re8
26. g4 Qxb2 27. g5 Qxc3 28. gxf6 Re1+ 29. Qxe1 {White resigns} 0-1

[Event "ICC tourney 2850 (40 10)"]
[Site "Internet Chess Club"]
[Date "2022.03.12"]
[Round "3"]
[White "ZHOU, ALEXANDER ZHENG:Lailaiking"]
[Black "POWERS, BARNEY:Barnstorm"]
[Result "1-0"]
[ICCResult "Black resigns"]
[WhiteElo "1029"]
[BlackElo "1233"]
[Opening "King's pawn opening"]
[ECO "B07"]
[NIC "VO.17"]
[Time "15:32:13"]
[PlyCount "51"]
[TimeControl "2400+10"]

1. e4 d6 2. d4 c6 3. Nf3 Nf6 4. Nc3 g6 5. Bg5 Nbd7 6. Bc4 d5 7. exd5 cxd5 8.
Bxd5 Qa5 9. Bb3 Ne4 10. Bd2 Nxd2 11. Qxd2 Bg7 12. O-O O-O 13. Rfe1 e6 14.
Rab1 b5 15. Qg5 a6 16. a4 Bf6 17. Qe3 Bb7 18. Ne5 Nxe5 19. dxe5 Bg7 20. Ra1
b4 21. Na2 Rab8 22. Nc1 Rfd8 23. Nd3 Qb6 24. Qxb6 Bxg2 25. Qxb8 Rxb8 26.
Kxg2 {Black resigns} 1-0

[Event "ICC tourney 2850 (40 10)"]
[Site "Internet Chess Club"]
[Date "2022.03.12"]
[Round "3"]
[White "YUAN, DAVID:David1250"]
[Black "SULTAN, BASHIR Cisse:muzikmixer"]
[Result "0-1"]
[ICCResult "White resigns"]
[WhiteElo "1293"]
[BlackElo "1414"]
[Opening "Robatsch (modern) defense"]
[ECO "B06"]
[NIC "KF.05"]
[Time "15:31:39"]
[PlyCount "92"]
[TimeControl "2400+10"]

1. e4 g6 2. d4 Bg7 3. Bc4 e6 4. Nf3 a6 5. O-O b5 6. Bb3 Bb7 7. e5 d5 8. Re1
h6 9. Nfd2 c5 10. c3 cxd4 11. cxd4 Nc6 12. Nf1 Nge7 13. f4 Nf5 14. Be3 Nxe3
15. Nxe3 Qb6 16. Nc2 Na5 17. Nd2 Nc4 18. Bxc4 dxc4 19. a4 O-O 20. axb5 axb5
21. Rxa8 Rxa8 22. Nf3 b4 23. Ne3 Bxf3 24. Nxc4 Bxd1 25. Nxb6 Bb3 26. Nxa8
Bf8 27. Rc1 Kg7 28. Nc7 g5 29. fxg5 hxg5 30. Ne8+ Kg6 31. Rf1 Be7 32. g4 Bc2
33. Nc7 b3 34. d5 Bc5+ 35. Kg2 Be4+ 36. Kg3 exd5 37. Rf6+ Kg7 38. Nb5 Bd3
39. Nc3 Bd4 40. Rc6 Bxe5+ 41. Kf3 Bc4 42. Rc5 Bxc3 43. Ke3 Bxb2 44. Kd2 Be5
45. h3 b2 46. Kc2 Bd3+ {White resigns} 0-1

[Event "ICC tourney 2850 (40 10)"]
[Site "Internet Chess Club"]
[Date "2022.03.12"]
[Round "3"]
[White "Lafer, Michael Barry:MLafer"]
[Black "BAI, JEFFREY:Jeffchess"]
[Result "0-1"]
[ICCResult "White checkmated"]
[WhiteElo "1039"]
[BlackElo "1276"]
[Opening "Philidor's defense"]
[ECO "C41"]
[NIC "KP.10"]
[Time "15:32:13"]
[PlyCount "92"]
[TimeControl "2400+10"]

1. e4 e5 2. Nf3 d6 3. h3 Nf6 4. d3 c5 5. g3 b5 6. Bg2 b4 7. O-O a5 8. b3 Be6
9. Nbd2 h5 10. Ng5 Bd7 11. f4 Nc6 12. Nc4 Nh7 13. Nxf7 Kxf7 14. fxe5+ Kg8
15. Qxh5 Nf6 16. Qf3 dxe5 17. Bg5 Be7 18. g4 Nd4 19. Qf2 Qc7 20. Be3 Rf8 21.
Bxd4 exd4 22. e5 Nxg4 23. Bd5+ Kh7 24. Qg2 Nxe5 25. Qe4+ Ng6 26. Ne5 Qxe5
27. Qxe5 Rxf1+ 28. Rxf1 Nxe5 29. Re1 Bf6 30. Be4+ g6 31. Rf1 Kg7 32. Rf2
Rxh3 33. Rg2 Nf3+ 34. Kf2 Bh4+ 35. Ke2 Ne5 36. Kd2 Bg3 37. Kd1 Bg4+ 38. Kc1
Be1 39. Rg1 Bc3 40. Bd5 Nf3 41. Bxf3 Rxf3 42. Kb1 Bh3 43. a3 bxa3 44. Rg5
Bb2 45. Rxc5 Rf1+ 46. Ka2 Ra1# {White checkmated} 0-1

[Event "ICC tourney 2850 (40 10)"]
[Site "Internet Chess Club"]
[Date "2022.03.12"]
[Round "3"]
[White "PARAKANDY, SOORAJ:Soorajp86"]
[Black "Chen, Angelique Lee:oklahoo"]
[Result "1/2-1/2"]
[ICCResult "Game drawn by repetition"]
[WhiteElo "1119"]
[BlackElo "884"]
[Opening "Ruy Lopez: Berlin defense, 4.O-O, d6"]
[ECO "C66"]
[NIC "RL.02"]
[Time "15:31:37"]
[PlyCount "70"]
[TimeControl "2400+10"]

1. e4 e5 2. Nf3 Nc6 3. Bb5 d6 4. O-O Nf6 5. d4 a6 6. Bxc6+ bxc6 7. dxe5 Nxe4
8. Re1 d5 9. c4 Bc5 10. Nd4 Nxf2 11. Kxf2 Qh4+ 12. Kg1 Bxd4+ 13. Be3 Bxb2
14. Nd2 Bxa1 15. Qxa1 O-O 16. Rc1 Qe7 17. cxd5 Qd7 18. Rxc6 Qxd5 19. Rxc7
Bb7 20. Nf3 Qe4 21. Kf2 Rac8 22. Qc1 Rxc7 23. Qxc7 Rc8 24. Qd7 Rc2+ 25. Bd2
g6 26. Qd8+ Kg7 27. Qf6+ Kf8 28. Qd8+ Kg7 29. Qf6+ Kg8 30. Qd8+ Kg7 31. Qf6+
Kf8 32. Qd8+ Kg7 33. Qf6+ Kg8 34. Qd8+ Kg7 35. Qf6+ Kf8
{Game drawn by repetition}
1/2-1/2

[Event "ICC tourney 2850 (40 10)"]
[Site "Internet Chess Club"]
[Date "2022.03.12"]
[Round "3"]
[White "SUNDARAM, SREE:SreeVSundaram"]
[Black "ASHOK, AMUDHAN:amudhanashok"]
[Result "0-1"]
[ICCResult "White checkmated"]
[WhiteElo "1184"]
[BlackElo "950"]
[Opening "QGD Slav defense: exchange variation"]
[ECO "D10"]
[NIC "SL.01"]
[Time "15:31:23"]
[PlyCount "58"]
[TimeControl "2400+10"]

1. d4 d5 2. c4 c6 3. cxd5 cxd5 4. Bf4 Bf5 5. Nc3 Nc6 6. e3 a6 7. Nf3 Nf6 8.
Rc1 e6 9. Be2 Be7 10. O-O O-O 11. Re1 Re8 12. a3 Bd6 13. Bxd6 Qxd6 14. b4 b5
15. Bd3 Bg6 16. Bxg6 hxg6 17. e4 dxe4 18. Nxe4 Nxe4 19. Rxe4 Red8 20. Qc2
Rac8 21. Qb2 Qd5 22. Ree1 Re8 23. Rc5 Qd6 24. Rec1 Red8 25. Qc3 Na7 26. Ng5
Rxc5 27. Qxc5 Qxd4 28. Qe7 Qd1+ 29. Rxd1 Rxd1# {White checkmated} 0-1